 Dungeon Crawl Stone Soup version 0.20.0-8-g6b59dc7 (webtiles) character file.

840 Exaltedone87 the Chopper (level 7, -2/64 HPs)
             Began as a Deep Dwarf Fighter on June 3, 2017.
             Slain by an ogre
             ... wielding a +0 giant spiked club
              (26 damage)
             ... on level 5 of the Dungeon.
             The game lasted 00:05:32 (3275 turns).

Exaltedone87 the Chopper (Deep Dwarf Fighter)       Turns: 3275, Time: 00:05:33

Health: -2/64      AC: 11    Str: 21    XL:     7   Next: 67%
Magic:  5/5        EV:  7    Int:  9    God:
Gold:   97         SH: 10    Dex: 15    Spells: 6/6 levels left

rFire    . . .     SeeInvis .   a - +0 war axe
rCold    . . .     Gourm    .   c - +0 shield
rNeg     . . .     Faith    .   p - +0 chain mail (curse)
rPois    .         Spirit   .   q - +0 helmet
rElec    .         Reflect  .   (no cloak)
rCorr    .         Harm     .   (no gloves)
MR       +....                  (no boots)
Stlth    ..........             (no amulet)
Regen    0.0/turn               r - +3 ring of dexterity
MPRegen  0.1/turn               (no ring)

@: non-regenerating
A: damage resistance, heal wounds, sense surroundings 1, no regeneration
a: Heal Wounds


You were on level 5 of the Dungeon.
You were not hungry.

You visited 1 branch of the dungeon, and saw 5 of its levels.

You collected 97 gold pieces.

Inventory:

Hand Weapons
 a - a +0 war axe (weapon)
Missiles
 j - 2 throwing nets (quivered)
Armour
 c - a +0 shield (worn)
 p - a cursed +0 chain mail (worn)
 q - a +0 helmet (worn)
 w - a +0 plate armour
Jewellery
 r - a +3 ring of dexterity (left hand)
 y - a +4 ring of evasion {unknown}
Scrolls
 b - a scroll of immolation {unknown}
 i - 3 scrolls of identify {unknown}
 m - a scroll of magic mapping {unknown}
 n - 2 scrolls of enchant armour {unknown}
 B - a scroll of remove curse {unknown}
Potions
 d - a potion of might
 e - 2 potions of ambrosia {unknown}
 k - 2 potions of brilliance {unknown}
 l - a potion of heal wounds {unknown}
 o - a potion of flight {unknown}
 t - a potion of lignification {unknown}
 u - a potion of cancellation {unknown}
 v - 2 potions of degeneration {unknown}
 A - a potion of mutation {unknown}
Books
 x - a book of Conjurations

   Spells                             Type                      Level
   a - Magic Dart                     Conjuration                  1
   b - Searing Ray                    Conjuration                  2
   c - Dazzling Spray                 Conjuration/Hexes            3
   d - Fulminant Prism                Conjuration/Hexes            4
   e - Force Lance                    Conjuration/Translocation    4
   f - Iskenderun's Mystic Blast      Conjuration                  4
Comestibles
 f - 4 bread rations
 g - 3 fruits
 h - 4 meat rations
 s - a royal jelly
 z - 3 chunks of flesh


   Skills:
 + Level 4.1 Fighting
 * Level 5.9 Axes
 + Level 5.3 Armour
 + Level 3.4 Dodging
 + Level 4.9 Shields


You had 6 spell levels left.
You didn't know any spells.

Dungeon Overview and Level Annotations

Branches:
Dungeon (5/15)
 Temple: D:4-7

Altars:
Okawaru
Uskayaw
The Shining One


Innate Abilities, Weirdness & Mutations

You are resistant to damage.
You can heal yourself by infusing magical energy.
You passively map a small area around you.
You do not regenerate.


Message History

You slice the jelly!!
You kill the jelly!
You slash the orc!
You kill the orc!
You barely miss the ogre. You block the ogre's attack.
Your magical essence is drained by the effort!
You feel much better.
You slash the ogre!
The ogre is moderately wounded.
You block the ogre's attack.
You barely miss the ogre.
The ogre is moderately wounded.
The ogre hits you with a giant spiked club!
You slash the ogre!
The ogre is almost dead.
The ogre hits you with a giant spiked club.
You hit the ogre but do no damage.
The ogre is severely wounded.
The ogre hits you with a giant spiked club!!
You die...

#......#
##....###
#.....#
##..#..#
#..#..##
##..#..#
*
##..##..#
* * #...#
..# * *
,* #)@##
..# ,
#.)O# **
#..## ,,
, * ....
* , * ,
.....* ,
* .......
*, ,
.....#. ,
* .....##
, * , ,


You could see an ogre.

Vanquished Creatures
  Eustachio (D:5)
  An ogre (D:5)
  A centaur (D:5)
  A scorpion (D:5)
  A howler monkey (D:5)
  An orc priest (D:5)
  A jelly (D:5)
  An orc wizard (D:5)
  A centaur skeleton (D:4)
  Terence (D:2)
  An iguana (D:4)
  2 worker ants (D:5)
  Robin (D:2)
  A hound skeleton (D:5)
  A howler monkey zombie (D:5)
  10 adders
  A shadow imp (D:5)
  An ooze (D:1)
  2 worms (D:2)
  4 dart slugs
  A leopard gecko (D:4)
  10 orcs
  A ball python (D:5)
  10 bats
  5 giant cockroaches
  18 goblins
  7 hobgoblins
  3 jackals (D:3)
  A quokka (D:4)
  4 frilled lizards
  A jackal skeleton (D:4)
  5 kobolds
  6 rats
106 creatures vanquished.

Notes
Turn   | Place    | Note
-------+----------+-------------------------------------------
     0 | D:1      | Exaltedone87 the Deep Dwarf Fighter began the quest for the Orb.
     0 | D:1      | Reached XP level 1. HP: 20/20 MP: 1/1
   113 | D:1      | Reached XP level 2. HP: 25/27 MP: 2/2
   682 | D:2      | Reached XP level 3. HP: 21/33 MP: 3/3
   710 | D:2      | Reached skill level 1 in Dodging
   724 | D:2      | Found an iron altar of Okawaru.
   764 | D:2      | Noticed Terence
   785 | D:2      | Killed Terence
   785 | D:2      | Reached XP level 4. HP: 27/40 MP: 3/3
   890 | D:2      | Noticed Robin
   918 | D:2      | Killed Robin
   933 | D:2      | Found a hide-covered altar of Uskayaw.
   937 | D:2      | Found a glowing golden altar of the Shining One.
  1205 | D:2      | Reached XP level 5. HP: 24/49 MP: 4/4
  2852 | D:4      | Reached XP level 6. HP: 42/56 MP: 5/5
  3084 | D:5      | Entered Level 5 of the Dungeon
  3085 | D:5      | Noticed Eustachio
  3101 | D:5      | Killed Eustachio
  3122 | D:5      | Reached skill level 5 in Axes
  3138 | D:5      | Reached XP level 7. HP: 38/63 MP: 6/6
  3162 | D:5      | Reached skill level 5 in Armour
  3275 | D:5      | Slain by an ogre

Skill      XL: |  1  2  3  4  5  6  7 |
---------------+----------------------+-----
Axes           | 3 4 5 |  5.9
Dodging        | 1 2 3 |  3.4
Fighting       | 3 4 |  4.1
Armour         | 4 5 |  5.3
Shields        | 4 |  4.9

Action                   |  1- 3 |  4- 6 |  7- 9 || total
-------------------------+-------+-------+-------++-------
Melee: War axe           |    77 |   237 |    43 ||   357
 Abil: Heal Wounds       |     1 |     1 |     2 ||     4
  Eat: Chunk             |       |     8 |       ||     8
Armor: Scale mail        |    25 |       |       ||    25
       Chain mail        |       |   153 |    25 ||   178
Dodge: Dodged            |    20 |    70 |    31 ||   121
Block: Shield            |    42 |   159 |    47 ||   248
